 Dungeon Crawl Stone Soup version 0.32-a0-913-g739538afd8 (webtiles) character file.

Game seed: 16249293563215596705

64 samai96 the Cudgeller (level 4, -1/28 HPs)
             Began as a Gargoyle Monk on Apr 9, 2024.
             Slain by a cerulean imp
             ... wielding a +2 spear
             ... summoned by Natasha
              (6 damage)
             ... on level 2 of the Dungeon.
             The game lasted 00:04:13 (1235 turns).

samai96 the Cudgeller (Gargoyle Monk)               Turns: 1235, Time: 00:04:14

Health: -1/28      AC:  8    Str: 14    XL:     4   Next: 12%
Magic:  4/4        EV: 10    Int: 13    God:
Gold:   147        SH:  0    Dex: 12    Spells: 3/3 levels left

rFire   + . .        a - +0 mace
rCold   + . .        (no shield)
rNeg    + . .        j - +0 ring mail
rPois   ∞            (no helmet)
rElec   +            g - scarf {rC+ rF+}
rCorr   .            (no gloves)
SInv    .            (no boots)
Will    .....        (no amulet)
Stlth   +            (no ring)
HPRegen 0.24/turn    (no ring)
MPRegen 0.09/turn

%: no passive effects
@: no status effects
A: sickness immunity, AC +3, negative energy resistance 1, electricity
resistance, torment resistance 1, petrification resistance
a: no special abilities


You were on level 2 of the Dungeon.
You visited 1 branch of the dungeon, and saw 2 of its levels.

You collected 147 gold pieces.

Inventory:

Hand Weapons
 a - a +0 mace (weapon)
Missiles
 i - 3 poisoned darts (quivered)
Armour
 b - a +0 robe
 d - an orb of light
 g - a scarf of resistance (worn)
 j - a +0 ring mail (worn)
Scrolls
 f - a scroll of vulnerability {unknown}
 k - a scroll of enchant weapon {unknown}
Potions
 h - a potion of curing {unknown}


   Skills:
 - Level 3.2 Fighting
 + Level 4.9 Maces & Flails
 - Level 2.4 Dodging


You had 3 spell levels left.
You didn't know any spells.
Your spell library contained the following spells:

 Spells                   Type           Power      Damage    Failure   Level
 Blink                    Tloc           0%         N/A       67%         2
 Lesser Beckoning         Tloc           0%         N/A       67%         2
 Momentum Strike          Conj/Tloc      0%         3d8       67%         2


Dungeon Overview and Level Annotations

Branches:
Dungeon (2/15)

Altars:

Annotations:
D:2 Natasha


Innate Abilities, Weirdness & Mutations

You are immune to sickness and miasma.
Your stone body is resilient. (AC +3)
You are immune to poison.
You resist negative energy. (rN+)
You are resistant to electric shocks. (rElec)
You are resistant to unholy torment.
You are immune to petrification.


Message History

You kill the gnoll!
The cerulean imp shouts!
You have reached level 4!
You feel clever.
The cerulean imp shouts!
Natasha claws you.
Things that are here:
a +0 flail; a +0 spear You closely miss Natasha.
Natasha extends her claws.
Natasha claws you but does no damage.
You hit Natasha but do no damage. Natasha claws you but does no damage.
Natasha claws you.
You closely miss Natasha.
The cerulean imp shouts!
Natasha mumbles some strange words.
You closely miss Natasha. Natasha barely misses you.
You completely miss Natasha.
You flicker for a moment.
The cerulean imp shouts!
Natasha barely misses you.
You closely miss Natasha.
The cerulean imp shouts!
Natasha misses you. The cerulean imp misses you.
You closely miss Natasha.
The cerulean imp shouts!
Natasha claws you but does no damage.
You closely miss Natasha.
The cerulean imp shouts!
Natasha stares at you and mumbles some strange words.
You resist with some effort. Natasha claws you.
* * * LOW HITPOINT WARNING * * *
You miss Natasha.
You flicker back into view.
The cerulean imp hits you from afar with a +2 spear.
* * * LOW HITPOINT WARNING * * *
Natasha claws you but does no damage.
You hit Natasha but do no damage.
The cerulean imp hits you from afar with a +2 spear.
You die...

################# #
##
..)................ >
).####........##.# .#
..# #........'..# #.#
..####........## #..#
..+.##......^.# ..#
..#.##.......5#####.#
..#.########'#5h@...#
..#'## #....g######
##...# #...### .#...#
#..### .+...# #..
##...# #.. .##### #.
.# .g .###


You could see Natasha, a gnoll and 2 cerulean imps.

Vanquished Creatures
  2 gnolls (D:2)
  A dart slug (D:2)
  A ribbon worm (D:2)
  4 ball pythons
  4 bats
  6 endoplasms
  A giant cockroach (D:1)
  2 goblins (D:1)
  2 hobgoblins (D:2)
  2 quokkas
  5 kobolds
  9 rats
39 creatures vanquished.

Notes
Turn   | Place    | Note
-------+----------+-------------------------------------------
     0 | D:1      | samai96 the Gargoyle Monk began the quest for the Orb.
     0 | D:1      | Reached XP level 1. HP: 14/14 MP: 1/1
   221 | D:1      | Reached XP level 2. HP: 19/19 MP: 2/2
   523 | D:1      | Reached skill level 4 in Maces & Flails
   612 | D:1      | Reached XP level 3. HP: 22/23 MP: 3/3
  1200 | D:2      | Noticed Natasha
  1225 | D:2      | Reached XP level 4. HP: 20/28 MP: 4/4
  1235 | D:2      | Slain by a cerulean imp

Illustrated notes

Levels and vault maps discovered:
D:1:      lightli_arrival_lavapool, layout_loops_corners,
          minmay_rat_gold_closets
D:2:      layout_basic, uniq_natasha

Skill      XL: |  1  2 |
---------------+-------+-----
Maces & Flails | 4 |  4.9
Fighting       | |  3.2
Dodging        | |  2.4

Action                     |  1- 3 |  4- 6 || total
---------------------------+-------+-------++-------
  Melee: Mace              |    84 |    10 ||    94
    Use: Scroll            |     2 |       ||     2
         Potion            |     2 |       ||     2
   Stab: Invisible         |     1 |       ||     1
 Armour: Robe              |    13 |       ||    13
         Ring mail         |    31 |     9 ||    40
  Dodge: Dodged            |    46 |     4 ||    50

Table legend: (Time is in decaauts)
 A = Elapsed time spent in this place.
 B = Non-inter-level travel time spent in this place.
 C = Inter-level travel time spent in this place.
 D = Time resting spent in this place.
 E = Time spent auto-exploring this place.
 F = Levels seen in this place.
 G = Mean time per level.
                   A        B        C        D        E       F      G
               +--------+--------+--------+--------+--------+-----+--------+
         Total |   1251 |   1238 |     13 |      0 |    990 |   2 |  625.5 |
       Dungeon |   1251 |   1238 |     13 |      0 |    990 |   2 |  625.5 |
               +--------+--------+--------+--------+--------+-----+--------+

Top non-repeatable levels by time:
     D:1: 987 daAuts
     D:2: 264 daAuts
